 Dungeon Crawl Stone Soup version 0.27.1-34-g3ba077fa99 (webtiles) character file.

Game seed: 9052893026875608462

63 cbfl8 the Chopper (level 3, 0/34 HPs)
             Began as a Deep Dwarf Berserker on Jan 13, 2022.
             Was a Believer of Lugonu.
             Slain by a polar bear (3 damage)
             ... created by the rage of Trog
             ... on level 4 of the Dungeon.
             The game lasted 00:09:29 (3551 turns).

cbfl8 the Chopper (Deep Dwarf Berserker)            Turns: 3551, Time: 00:09:30

Health: 0/34       AC:  6    Str: 20    XL:     3   Next: 89%
Magic:  3/3        EV: 11    Int:  8    God:    Lugonu [**....]
Gold:   46         SH:  5    Dex: 12    Spells: 2/2 levels left

rFire    . . .     SeeInvis .   a - +0 hand axe
rCold    . . .     Faith    .   (no shield)
rNeg     . . .     Spirit   .   l - +0 ring mail
rPois    .         Reflect  +   (no helmet)
rElec    .         Harm     .   (no cloak)
rCorr    .         Rampage  .   (no gloves)
Will     .....                  h - +0 pair of boots
Stlth    +.........             x - amulet of reflection
HPRegen  0.00/turn              (no ring)
MPRegen  0.08/turn              (no ring)

@: no status effects
A: damage resistance, heal wounds, sense surroundings 1, no regeneration
a: Heal Wounds, Renounce Religion, Depart the Abyss, Bend Space


You were on level 4 of the Dungeon.
You worshipped Lugonu.
Lugonu was pleased with you.
You visited 1 branch of the dungeon, and saw 4 of its levels.

You collected 46 gold pieces.

Inventory:

Hand Weapons
 a - a +0 hand axe (weapon)
 e - a +0 dagger
 f - a +0 dagger
 i - a +0 dagger
 r - a +0 dagger
 s - a +0 short sword
 u - a +0 short sword
Missiles
 m - 46 arrows
 o - 13 bolts
 p - 24 stones
 z - 16 sling bullets
Armour
 b - a +0 animal skin
 g - a +0 robe
 h - a +0 pair of boots (worn)
 l - a +0 ring mail (worn)
 q - a +0 leather armour
 y - a +0 robe
Jewellery
 x - an amulet of reflection (around neck)
Scrolls
 n - 2 scrolls of noise {unknown}
 t - a scroll of vulnerability {unknown}
 w - a scroll of acquirement {unknown}
 A - a scroll of immolation {unknown}
Potions
 c - 2 potions of haste {unknown}
 d - 2 potions of lignification {unknown}
 j - 3 potions of curing {unknown}
 k - a potion of attraction {unknown}
 v - a potion of berserk rage {unknown}


   Skills:
 + Level 3.3 Fighting
 + Level 3.8 Axes
 + Level 3.1 Armour
 + Level 2.6 Dodging
 + Level 0.1 Stealth
 + Level 0.1 Shields


You had 2 spell levels left.
You didn't know any spells.
Your spell library contained the following spells:

 Spells                   Type           Power      Damage    Failure   Level
 Corpse Rot               Necr/Air       N/A        N/A       73%         2
 Poisonous Vapours        Pois/Air       0%         N/A       73%         2
 Fireball                 Conj/Fire      0%         3d3       100%        5
 Freezing Cloud           Conj/Ice/Air   0%         6-21      100%        5
 Starburst                Conj/Fire      0%         6d3       100%        6
 Ignition                 Fire           0%         3d3       100%        8


Dungeon Overview and Level Annotations

Branches:
Dungeon (4/15)
 Temple: D:4-7

Altars:
Lugonu


Innate Abilities, Weirdness & Mutations

You are resistant to damage.
You can heal yourself by infusing magical energy.
You passively map a small area around you.
You do not regenerate.


Message History

The goblin hits you but does no damage.
You hit the goblin but do no damage. The goblin hits you but does no damage.
You hit the goblin.
The goblin is heavily wounded.
You block the goblin's attack.
You slash the goblin!
You kill the goblin!
Lugonu accepts your kill.
Things that are here:
a +0 club; a goblin corpse
Found 23 arrows.
Found an escape hatch in the ceiling.
j - 3 emerald potions (gained 1)
m - 46 arrows (gained 23) Trog sends monsters to punish you. 3 polar bears and a black bear come into view.
You barely miss the polar bear. You hit the polar bear.
The polar bear is lightly wounded.
The polar bear bites you! The polar bear closely misses you.
You block the polar bear's attack.
You hit the polar bear but do no damage.
The polar bear is lightly wounded.
You barely miss the black bear. You barely miss the polar bear. x2
The black bear closely misses you. x2
The black bear claws you but does no damage.
The polar bear bites you but does no damage.
The polar bear claws you. The polar bear closely misses you.
The polar bear bites you!
* * * LOW HITPOINT WARNING * * *
The polar bear barely misses you. x2; You block the polar bear's attack. x2
The polar bear claws you but does no damage.
The black bear bites you but does no damage.
The black bear claws you.
* * * LOW HITPOINT WARNING * * *
The black bear claws you but does no damage.
The polar bear completely misses you. The polar bear claws you.
* * * LOW HITPOINT WARNING * * *
You block the polar bear's attack. The polar bear completely misses you.
The polar bear claws you.
You die...

* , ... ... ##.#.##.##....
,> <.# ... #.......#####.
,* *#.# #.# #.......# #. *
#####.# #.# #..#.##.# #.
,..##.###.#### #....##.#
## # #.##........#
#..####.# #.##.##........#
#..####.# #....).......h.#
#.......#
####.###.....h@####.######
#.# #.....hh#.......# #.#
#.......#.##.##.# #.#
#.......#.##.##.# ####.#
#########.##....# #....#
#.####..# #.##########
#.......# ###.## #.....#
######>## .....# #.###.#
#.#


You could see 3 polar bears and a black bear (berserk).

Vanquished Creatures
  2 adders (D:2)
  2 worms (D:2)
  A dart slug (D:1)
  2 endoplasms (D:2)
  3 giant cockroaches
  3 goblins
  A hobgoblin (D:2)
  7 jackals (D:2)
  3 kobolds
  A quokka (D:2)
  3 ball pythons
  4 bats
  2 frilled lizards (D:1)
34 creatures vanquished.

Vanquished Creatures (others)
  2 demonic plants (D:2)
  3 fungi (D:4)
  A toadstool (D:4)
6 creatures vanquished.

Grand Total: 40 creatures vanquished

Notes
Turn   | Place    | Note
-------+----------+-------------------------------------------
     0 | D:1      | cbfl8 the Deep Dwarf Berserker began the quest for the Orb.
     0 | D:1      | Reached XP level 1. HP: 20/20 MP: 1/1
   371 | D:1      | Reached XP level 2. HP: 24/27 MP: 2/2
  2274 | D:2      | Reached XP level 3. HP: 28/34 MP: 3/3
  2680 | D:2      | Found a faded altar of an unknown god.
  2703 | D:2      | Fell from the grace of Trog
  2703 | D:2      | Became a worshipper of Lugonu the Unformed
  2703 | D:2      | Reached * piety under Lugonu
  2703 | D:2      | Reached ** piety under Lugonu
  3549 | D:4      | Noticed a polar bear
  3549 | D:4      | Noticed a polar bear
  3549 | D:4      | Noticed a polar bear
  3549 | D:4      | Noticed a black bear
  3551 | D:4      | Slain by a polar bear

Illustrated notes

Levels and vault maps discovered:
D:1:      minmay_arrival_solitary_statue, layout_loops_ring
D:2:      layout_loops_cross, dreamdust_ecumenical_altar_sealed_demon,
          grunt_decor_mini_mirrors
D:3:      layout_basic, uniq_jessica, uniq_robin
D:4:      layout_loops_cross, vehumet_crystals, serial_shops,
          nicolae_shop_window_shopping, minmay_gold_behind_fungi,
          hangedman_decor_slide_cut, minivault_27, uniq_natasha, uniq_pikel

Skill      XL: |  1  2  3 |
---------------+----------+-----
Fighting       | 3 |  3.3
Armour         | 3 |  3.1
Axes           | |  3.8
Dodging        | |  2.6
Stealth        | |  0.1
Shields        | |  0.1

Action                   || total
-------------------------++-------
Melee: Hand axe          ||   143
Invok: Bend Space        ||     2
 Abil: Heal Wounds       ||     3
Armor: Robe              ||     6
       Ring mail         ||    60
Dodge: Dodged            ||   102
Block: Other             ||    10
